 Dungeon Crawl Stone Soup version 0.27-a0-1202-ge72e49191c (webtiles) character file.

Game seed: 16470701796590165709

87 Delamore the Skirmisher (level 4, -3/37 HPs)
             Began as a Formicid Fighter on June 4, 2021.
             Was a Believer of Trog.
             Slain by Crazy Yiuf
             ... wielding a +2 quarterstaff of chaos
              (5 damage)
             ... on level 2 of the Dungeon.
             The game lasted 00:01:43 (2073 turns).

Delamore the Skirmisher (Formicid Fighter)          Turns: 2073, Time: 00:01:43

Health: -3/37      AC:  6    Str: 21    XL:     4   Next: 80%
Magic:  1/4        EV:  8    Int:  8    God:    Trog [**....]
Gold:   18         SH:  9    Dex: 10    Spells: 3/3 levels left

rFire    . . .     SeeInvis +   a - +0 trident
rCold    . . .     Faith    .   c - +0 kite shield
rNeg     . . .     Spirit   .   b - +0 scale mail
rPois    .         Reflect  .   (helmet unavailable)
rElec    .         Harm     .   (no cloak)
rCorr    .         Rampage  .   (no gloves)
Will     .....                  (no boots)
Stlth    ..........             (no amulet)
HPRegen  0.12/turn              (no ring)
MPRegen  0.09/turn              (no ring)

@: mighty
A: permanent stasis, dig shafts and tunnels, antennae 3, four strong arms
a: Dig, Shaft Self, Renounce Religion, Trog's Hand


You were on level 2 of the Dungeon.
You worshipped Trog.
Trog was pleased with you.
You visited 1 branch of the dungeon, and saw 2 of its levels.

You collected 18 gold pieces.

Inventory:

Hand Weapons
 a - a +0 trident (weapon)
Missiles
 e - 14 poisoned darts
 g - a throwing net
Armour
 b - a +0 scale mail (worn)
 c - a +0 kite shield (worn)
Jewellery
 f - an amulet of magic regeneration
Scrolls
 k - a scroll of immolation
Potions
 i - a potion of haste
 j - 2 potions of curing


   Skills:
 + Level 4.0 Fighting
 * Level 3.4 Polearms
 + Level 1.8 Throwing
 - Level 3.2 Armour
 - Level 3.6 Shields


You had 3 spell levels left.
You didn't know any spells.
Your spell library was empty.

Dungeon Overview and Level Annotations

Branches:
Dungeon (2/15)

Altars:
Trog

Annotations:
D:2 Crazy Yiuf


Innate Abilities, Weirdness & Mutations

You cannot be hasted, slowed, berserked, paralysed or teleported.
You can dig through walls and to a lower floor.
You have a pair of large antennae on your head. (SInv)
Your four strong arms can wield two-handed weapons with a shield.


Message History

No target in view!
No target in view!
No target in view!
No target in view!
You now have 18 gold pieces (gained 6).
Found 20 arrows.
You see here 20 arrows.
You open the door.
There is an open door here.
Found a short sword.
There is an open door here.
There is an open door here.
Found a mace.
Found a runed translucent door.
Crazy Yiuf shouts!
You sense a monster nearby.
There is an open door here.
You enter the shallow water.
Moving in this stuff is going to be slow.
Crazy Yiuf shouts!
Crazy Yiuf cries, "Flower!"
Crazy Yiuf glowers.
You open the door. You barely miss Crazy Yiuf.
Crazy Yiuf hits you with a +2 quarterstaff of chaos!
Crazy Yiuf burns you.
Your shield and scale mail prevent you from hitting Crazy Yiuf.
Crazy Yiuf completely misses you.
You hit Crazy Yiuf but do no damage.
Crazy Yiuf hits you with a +2 quarterstaff of chaos!
Crazy Yiuf freezes you.
Crazy Yiuf hits you with a +2 quarterstaff of chaos.
* * * LOW HITPOINT WARNING * * *
You feel your power leaking away.
You feel very mighty all of a sudden. You block Crazy Yiuf's attack.
You closely miss Crazy Yiuf.
Crazy Yiuf hits you with a +2 quarterstaff of chaos!
* * * LOW HITPOINT WARNING * * *
Crazy Yiuf burns you.
You die...

.........## #..#
#...#.......##..
.........#######
#####.......##.#
....§......#
#...........
.#....§....# #####
#........#..
....§§.....# #..)#
#...........
....§§§....# #...#
#...........
...§§......# ...
#'#.........
....§§.##..# #g#
#.####......
...§.§.##..# ♣♣@♣
#........(..
..#######..# ♣.♣♣
#........... ......#
#..# ♣♣.♣
#.........>. ......#
#..# ♣.♣♣
#.....#..... ##§§§.#
#..# ♣♣.♣♣
#.....#.....
.§§§§§###..# ♣...♣♣
#.....#.....
..§§§§§...## ♣....♣
#...........
..§§.§.§..# #....#
#...........
..PP§§§§§.#
###..#####...........


You could see Crazy Yiuf.

Vanquished Creatures
  An adder (D:2)
  2 adder skeletons (D:2)
  An adder zombie (D:2)
  3 worms (D:2)
  3 bats (D:1)
  7 endoplasms
  2 giant cockroaches (D:1)
  3 goblins
  7 hobgoblins
  7 jackals
  5 kobolds
  2 quokkas
  A ball python (D:2)
  A ball python skeleton (D:2)
  2 ball python zombies (D:2)
  A giant cockroach zombie (D:2)
  A jackal zombie (D:2)
  A quokka zombie (D:2)
  4 rats
54 creatures vanquished.

Notes
Turn   | Place    | Note
-------+----------+-------------------------------------------
     0 | D:1      | Delamore the Formicid Fighter began the quest for the Orb.
     0 | D:1      | Reached XP level 1. HP: 18/18 MP: 1/1
    70 | D:1      | Found a faded altar of an unknown god.
    77 | D:1      | Became a worshipper of Trog the Wrathful
    77 | D:1      | Reached * piety under Trog
   129 | D:1      | Reached XP level 2. HP: 24/24 MP: 2/2
   270 | D:1      | Reached skill level 1 in Throwing
   270 | D:1      | Reached XP level 3. HP: 27/29 MP: 3/3
   829 | D:2      | Reached ** piety under Trog
  1129 | D:2      | Reached XP level 4. HP: 37/37 MP: 4/4
  1519 | D:2      | Reached skill level 4 in Fighting
  1949 | D:2      | Found a runed translucent door.
  1950 | D:2      | Noticed Crazy Yiuf
  2073 | D:2      | Slain by Crazy Yiuf

Illustrated notes

Levels and vault maps discovered:
D:1:      roderic_dead_forest, layout_rooms,
          hellmonk_ecumenical_altar_slurped_away
D:2:      layout_basic, serial_undead, serial_undead_e, serial_undead_d,
          serial_undead_c, serial_undead_f, serial_undead_f, serial_undead_b,
          serial_undead_a, serial_undead_b, uniq_crazy_yiuf_cottage

Skill      XL: |  1  2  3  4 |
---------------+-------------+-----
Throwing       | 1 |  1.8
Polearms       | 3 |  3.4
Fighting       | 4 |  4.0
Armour         | |  3.2
Shields        | |  3.6

Action                   |  1- 3 |  4- 6 || total
-------------------------+-------+-------++-------
Melee: Trident           |   119 |    70 ||   189
  Use: Scroll            |       |     3 ||     3
       Potion            |       |     1 ||     1
Armor: Scale mail        |    52 |    56 ||   108
Dodge: Dodged            |    38 |    38 ||    76
Block: Kite shield       |    75 |    61 ||   136

Table legend: (Time is in decaauts)
 A = Elapsed time spent in this place.
 B = Non-inter-level travel time spent in this place.
 C = Inter-level travel time spent in this place.
 D = Time resting spent in this place.
 E = Time spent auto-exploring this place.
 F = Levels seen in this place.
 G = Mean time per level.
                   A        B        C        D        E       F      G
               +--------+--------+--------+--------+--------+-----+--------+
         Total |   2140 |   2116 |     24 |    746 |    987 |   2 | 1070.0 |
       Dungeon |   2140 |   2116 |     24 |    746 |    987 |   2 | 1070.0 |
               +--------+--------+--------+--------+--------+-----+--------+

Top non-repeatable levels by time:
     D:2: 1367 daAuts
     D:1: 773 daAuts
